 Dungeon Crawl Stone Soup version 0.28-a0-1038-g9c4cb8273d (webtiles) character file.

Game seed: 5254956857002284103

1613 ders the Geomancer (level 8, 0/41 HPs)
             Began as a Gargoyle Earth Elementalist on Dec 8, 2021.
             Slain by a mummy (12 damage)
             ... in an ossuary.
             The game lasted 00:07:30 (6615 turns).

ders the Geomancer (Gargoyle Earth Elementalist)    Turns: 6615, Time: 00:07:30

Health: 0/41       AC:  7    Str: 12    XL:     8   Next: 95%
Magic:  1/17       EV: 11    Int: 18    God:
Gold:   305        SH:  0    Dex: 10    Spells: 15/19 levels left

rFire   . . .      SeeInvis .   g - +3 dagger (venom)
rCold   . . .      Faith    .   (no shield)
rNeg    + . .      Spirit   .   b - +0 robe
rPois   ∞          Reflect  .   (no helmet)
rElec   +          Harm     .   (no cloak)
rCorr   .          Rampage  .   (no gloves)
Will    .....                   (no boots)
Stlth   ++........              (no amulet)
HPRegen 0.13/turn               (no ring)
MPRegen 0.15/turn               (no ring)

@: mighty, brilliant
A: sickness immunity, AC +5, negative energy resistance 1, electricity
resistance, torment resistance 1, petrification resistance
a: no special abilities


You were in an ossuary.
You visited 1 branch of the dungeon, and saw 6 of its levels.
You also visited: Sewer and Ossuary.

You collected 305 gold pieces.

Inventory:

Hand Weapons
 g - a +3 dagger of venom (weapon)
Missiles
 a - 65 stones
Armour
 b - a +0 robe (worn)
Jewellery
 h - an amulet of magic regeneration
 i - a ring of fire
Scrolls
 c - a scroll of fear
 n - 2 scrolls of teleportation
 o - 3 scrolls of identify
Potions
 j - a potion of haste {unknown}
 k - a potion of brilliance
 m - 4 potions of flight
 q - a potion of mutation {unknown}
 r - a potion of berserk rage {unknown}


   Skills:
 - Level 1.5 Dodging
 - Level 2.1 Stealth
 + Level 6.1 Spellcasting
 + Level 6.7 Conjurations
 - Level 0.7 Transmutations
 + Level 8.4 Earth Magic


You had 15 spell levels left.
You knew the following spells:

 Your Spells              Type           Power      Damage    Failure   Level
a - Sandblast             Erth           100%       2d20      1%          1
b - Stone Arrow           Conj/Erth      98%        3d13      1%          3

Your spell library contained the following spells:

 Spells                   Type           Power      Damage    Failure   Level
 Passwall                 Tmut/Erth      27%        N/A       2%          2
 Petrify                  Tmut/Erth      33%        N/A       19%         4


Dungeon Overview and Level Annotations

Branches:
Dungeon (6/15)              Sewer (visited)         Ossuary (1/1)
 Temple: D:4-7

Altars:

Shops:
D:1 [   D:3 !


Innate Abilities, Weirdness & Mutations

You are immune to sickness and miasma.
Your stone body is resilient. (AC +5)
You are immune to poison.
You resist negative energy. (rN+)
You are resistant to electric shocks. (rElec)
You are resistant to unholy torment.
You are immune to petrification.


Message History

Press: ? - help, Shift-Dir - straight line, f - mummy
Aim: a mummy (91% to hit)
The blast of sand misses the mummy.
The hobgoblin zombie enters a dispersal trap!
You blink.
Unknown command.
Casting: Sandblast (safe; 1% risk of failure)
Confirm with . or Enter, or press ? or * to list all spells.
You don't have enough magic to cast this spell.
You feel better.
Casting: Sandblast (safe; 1% risk of failure)
Confirm with . or Enter, or press ? or * to list all spells.
Aiming: Sandblast (safe; 1% risk of failure)
Press: ? - help, Shift-Dir - straight line, f/p - mummy
Aim: a mummy (91% to hit)
The blast of sand hits the mummy!
The mummy is moderately damaged.
Unknown command.
You can't see any enemies this would affect, really read the scroll of fear?
Okay, then.
This is a scroll of acquirement!
Something appears at your feet! The mummy hits you.
You hit the mummy.
The mummy is severely damaged.
The mummy hits you!
* * * LOW HITPOINT WARNING * * *
The mummy misses you.
You feel better. The mummy hits you but does no damage.
It was a potion of brilliance.
You feel clever all of a sudden. The mummy hits you.
* * * LOW HITPOINT WARNING * * *
It was a potion of might.
You feel very mighty all of a sudden.
The hobgoblin zombie hits you but does no damage.
The mummy closely misses you.
You barely miss the mummy.
The mummy is heavily damaged.
The mummy hits you!
You die...

#.^..^#
#.....#
#..∩..#
#.....#
#..∩..#
#.....#
#.....#
#Z....#
#@M...#
##M..##
#####


You could see 2 mummies and a hobgoblin zombie.

Vanquished Creatures
  Pikel (D:5)
  The ghost of bearlyready the Destroyer, an amateur DrCj (D:4)
  A water moccasin (D:5)
  A gnoll sergeant (D:5)
  2 centaur zombies
  2 bullfrog zombies
  2 jellies
  2 hounds
  A bullfrog skeleton (D:5)
  An orc wizard (D:5)
  A merfolk siren (Sewer)
  A merfolk avatar (Sewer)
  A hound skeleton (D:4)
  A mummy (Ossuary)
  13 gnolls
  10 adders
  4 river rats (Sewer)
  4 worms (D:3)
  2 dart slugs
  4 orcs
  8 ball pythons
  11 endoplasms
  6 giant cockroaches
  8 goblins
  7 hobgoblins
  4 quokkas
  6 bats
  6 frilled lizards
  10 kobolds
  28 rats
149 creatures vanquished.

Vanquished Creatures (others)
  A fungus (D:2)
  11 toadstools (D:2)
12 creatures vanquished.

Grand Total: 161 creatures vanquished

Notes
Turn   | Place    | Note
-------+----------+-------------------------------------------
     0 | D:1      | ders the Gargoyle Earth Elementalist began the quest for
                  | the Orb.
     0 | D:1      | Reached XP level 1. HP: 10/10 MP: 3/3
   188 | D:1      | Found a faded altar of an unknown god.
   519 | D:1      | Reached XP level 2. HP: 15/15 MP: 3/5
   637 | D:1      | Found Jufuenguk's Armour Boutique.
   779 | D:1      | Reached skill level 1 in Conjurations
   928 | D:2      | Reached skill level 4 in Earth Magic
   933 | D:2      | Reached XP level 3. HP: 14/19 MP: 1/6
  1043 | D:2      | Reached XP level 4. HP: 18/24 MP: 2/8
  1372 | D:2      | Learned a level 3 spell: Stone Arrow
  1977 | D:2      | Reached XP level 5. HP: 9/28 MP: 6/9
  2367 | D:2      | Reached skill level 5 in Earth Magic
  3148 | D:3      | Found Qacleat's Distillery.
  3162 | D:3      | Reached XP level 6. HP: 26/32 MP: 1/11
  3350 | D:3      | Found a glowing drain.
  3378 | Sewer    | Entered a sewer
  5109 | D:4      | Found a runed translucent door.
  5109 | D:4      | Noticed bearlyready's ghost (amateur DrCj)
  5213 | D:4      | Killed bearlyready's ghost
  5214 | D:4      | Reached skill level 6 in Earth Magic
  5214 | D:4      | Reached XP level 7. HP: 22/36 MP: 0/13
  5924 | D:5      | Entered Level 5 of the Dungeon
  6012 | D:5      | Reached skill level 5 in Conjurations
  6126 | D:5      | Reached skill level 5 in Spellcasting
  6126 | D:5      | Reached skill level 7 in Earth Magic
  6126 | D:5      | Reached XP level 8. HP: 41/41 MP: 8/15
  6486 | D:5      | You fall into a shaft and drop 1 floor!
  6566 | D:5      | Noticed Pikel
  6580 | D:5      | Found a sand-covered staircase.
  6585 | D:5      | Killed Pikel
  6586 | D:5      | Reached skill level 8 in Earth Magic
  6602 | Ossuary  | Entered an ossuary
  6610 | Ossuary  | Identified a scroll of acquirement
  6610 | Ossuary  | Acquired a staff of earth
  6615 | Ossuary  | Slain by a mummy

Illustrated notes

Levels and vault maps discovered:
D:1:      minmay_arrival_stone_box, layout_loops_corners,
          dreamdust_ecumenical_altar_statues, serial_shops,
          nicolae_shop_waterfront
D:2:      cheibrodos_fertilizer, layout_basic, st_stairs_6
D:3:      layout_basic, cheibrodos_sewer_entry_bend, serial_shops,
          nicolae_shop_stone, nrook_mini_vaults, palyth_stone_intersect
D:4:      layout_rooms, hellmonk_ghost_happy_afterlife
D:5:      layout_rooms, nicolae_ossuary_entry_false_entrances,
          chequers_serial_rivers_small_a, uniq_pikel
D:6:      minmay_clustersquares, layout_loops_cross, temple_statues,
          st_stairs_10
Ossuary:  ossuary_the_hunt_dpeg

Skill      XL: |  1  2  3  4  5  6  7  8 |
---------------+-------------------------+-----
Conjurations   | 1 2 3 4 5 6 |  6.7
Earth Magic    | 4 5 6 7 8 |  8.4
Spellcasting   | 3 4 5 6 |  6.1
Dodging        | |  1.5
Stealth        | |  2.1
Transmutations | |  0.7

Action                   |  1- 3 |  4- 6 |  7- 9 || total
-------------------------+-------+-------+-------++-------
Melee: Dagger            |     2 |    92 |    11 ||   105
 Cast: Sandblast         |    24 |    78 |    25 ||   127
       Stone Arrow       |       |    50 |    30 ||    80
  Use: Scroll            |       |     3 |     7 ||    10
       Potion            |       |       |     4 ||     4
 Stab: Sleeping          |       |     3 |       ||     3
Armor: Robe              |     9 |    53 |     8 ||    70
Dodge: Dodged            |    13 |    83 |    20 ||   116

Table legend: (Time is in decaauts)
 A = Elapsed time spent in this place.
 B = Non-inter-level travel time spent in this place.
 C = Inter-level travel time spent in this place.
 D = Time resting spent in this place.
 E = Time spent auto-exploring this place.
 F = Levels seen in this place.
 G = Mean time per level.
                   A        B        C        D        E       F      G
               +--------+--------+--------+--------+--------+-----+--------+
         Total |   6674 |   6473 |    201 |   1503 |   4068 |   8 |  834.2 |
       Dungeon |   5304 |   5103 |    201 |   1170 |   3230 |   6 |  884.0 |
         Sewer |   1356 |   1356 |      0 |    333 |    838 |   1 | 1356.0 |
       Ossuary |     12 |     12 |      0 |      0 |      0 |   1 |   12.0 |
               +--------+--------+--------+--------+--------+-----+--------+

Top non-repeatable levels by time:
     D:2: 1720 daAuts
   Sewer: 1356 daAuts
     D:4: 1140 daAuts
     D:1: 1059 daAuts
     D:3: 954 daAuts
     D:5: 398 daAuts
     D:6: 30 daAuts
 Ossuary: 12 daAuts
